Workbook
Name LINHA7: #REF!
Name LINHA7: #REF!
Name Print_Area_MI: #REF!

Sheet DADOS
B2: DADOS DO CONTRATANTE
B3: CLIENTE: | C3: PREFEITURA MUNICIPAL DE RIO BRILHANTE / MS
B4: ENDEREÇO: | C4: RUA ATHAYDE NOGUEIRA, Nº 1.033 - CENTRO
B6: DADOS DA OBRA
B7: OBRA: | C7: PAVIMENTAÇÃO ASFÁLTICA E EM CONCRETO
B8: LOCAL: | C8: PRAÇA INTERATIVA, RIO BRILHANTE / MS
B9: REFERÊNCIA | C9: SEM DESONERAÇÃO
C10: HORISTA: 107,52% MENSALISTA: 64,80%
C12: COMPOSIÇÃO MS: 07/2025 INSUMO MS: 07/2025 AGESUL MS: 07/2025
C15: SICRO MS 01/2025
B16: BDI SERVIÇO: | C16: ='BDI SERVIÇO'!$F$50 -> 0.22
B17: BDI INSUMO:
B19: DADOS DA CONTRATADA
B20: CLIENTE: | C20: ELEMENTO ENGENHARIA E ARQUITETURA LTDA - CREA 20196 - MS
B21: ENDEREÇO: | C21: RUA ANTÔNIO MARIA COELHO, Nº 4.017 - SALA 03 - SANTA FÉ
B22: PROFISSIONAL | C22: MARCELLA BERNARDO LIMA - CREA 61634 / D - MS
C23: VANESSA CRISTINA DE SOUZA - CAU A229391-9
C24: FERNANDO PEREIRA KHALIL - CREA 17392 / D - MS

Sheet Resumo DMT's
B2: =DADOS!$B$3 -> CLIENTE: | C2: =DADOS!$C$3 -> PREFEITURA MUNICIPAL DE RIO BRILHANTE / MS
B3: =DADOS!$B$4 -> ENDEREÇO: | C3: =DADOS!$C$4 -> RUA ATHAYDE NOGUEIRA, Nº 1.033 - CENTRO
B5: =DADOS!$B$7 -> OBRA: | C5: =DADOS!$C$7 -> PAVIMENTAÇÃO ASFÁLTICA E EM CONCRETO
B6: =DADOS!$B$8 -> LOCAL: | C6: =DADOS!$C$8 -> PRAÇA INTERATIVA, RIO BRILHANTE / MS
B8: QUADRO DE DISTÂNCIA MÉDIAS DE TRANSPORTE DE INSUMOS - DMT
B10: INSUMO | C10: LOCAL | D10: CIDADE | E10: DMT (km)
B13: BOTA FORA | C13: LOCAL | D13: RIO BRILHANTE/MS | E13: 10
B14: JAZIDA DE SOLO | E14: 50.3
B15: PEDREIRA | C15: PLANACON | D15: ITAPORÃ/MS | E15: 56.7
B16: TUBOS | C16: GV ENGENHARIA | D16: DOURADOS/MS | E16: 68.7
B17: BICA CORRIDA | C17: PLANACON | D17: ITAPORÃ/MS | E17: 56.7
B18: CM-IMPRIMA | C18: GRECA ASFALTOS | D18: CAMPO GRANDE/MS | E18: 179
B19: USINA DE CBUQ | C19: PLANACON | D19: ITAPORÃ/MS | E19: 56.7
B20: PAVER | E20: 176
B21: PISO PODOTÁTIL | C21: LAJ LUCAS | D21: CAMPO GRANDE/MS | E21: 176

Sheet Orçamento
B2: =DADOS!$B$3 -> CLIENTE: | C2: =DADOS!$C$3 -> PREFEITURA MUNICIPAL DE RIO BRILHANTE / MS | H2: ENCARGOS SOCIAIS | K2: BANCOS
B3: =DADOS!$B$4 -> ENDEREÇO: | C3: =DADOS!$C$4 -> RUA ATHAYDE NOGUEIRA, Nº 1.033 - CENTRO | H3: =DADOS!$C$9 -> SEM DESONERAÇÃO | K3: =DADOS!$C$12 -> COMPOSIÇÃO MS: 07/2025 INSUMO MS: 07/2025 AGESUL MS: 07/2025
H4: =DADOS!$C$10 -> HORISTA: 107,52% MENSALISTA: 64,80%
B5: =DADOS!$B$7 -> OBRA: | C5: =DADOS!$C$7 -> PAVIMENTAÇÃO ASFÁLTICA E EM CONCRETO
B6: =DADOS!$B$8 -> LOCAL: | C6: =DADOS!$C$8 -> PRAÇA INTERATIVA, RIO BRILHANTE / MS | H6: =DADOS!B16 -> BDI SERVIÇO: | J6: =DADOS!$C$16 -> 0.22
B8: PLANILHA ORÇAMENTÁRIA
B10: SICRO / SINAPI | C10: ITEM | D10: SERVIÇO | E10: DMT | F10: UNID. | G10: QUANT. | H10: PREÇO (R$) | L10: %
H11: UNITÁRIO S/ BDI | I11: BDI | J11: UNITÁRIO C/ BDI | K11: TOTAL
C13: 01 | D13: SERVIÇOS PRELIMINARES
D15: PRELIMINARES
B16: 103689 | C16: 01.01 | D16: Fornecimento e instalação de placa de obra com chapa galvanizada e estrutura de madeira | F16: m² | G16: ='Serv. Preliminares'!I11 -> 8 | H16: 456.23 | I16: =TRUNC((H16*$J$6),2) -> 100.37 | J16: =H16+I16 -> 556.6 | K16: =TRUNC((G16*J16),2) -> 4452.8 | L16: =K16/$K$106 -> 0.0091509029
B17: 10776 - Insumo | C17: 01.02 | D17: Locação de container 2,30m x 6,00m, alt 2,50m, para escritório, sem divisórias internas e sem sanitário (não inclui mobilização / desmobilização) | F17: mês | G17: ='Serv. Preliminares'!I14 -> 2 | H17: 662.1 | I17: =TRUNC((H17*$L$6),2) -> 0 | J17: =H17+I17 -> 662.1 | K17: =TRUNC((G17*J17),2) -> 1324.2 | L17: =K17/$K$106 -> 0.0027213496
D19: LIMPEZA VEGETAL
B20: 98525 | C20: 01.03 | D20: Limpeza mecanizada de camada vegetal, vegetação e pequenas árvores (diâmetro de tronco menor que 0,20m), com trator de esteiras | F20: m² | G20: ='Serv. Preliminares'!I15 -> 4207.14 | H20: 0.66 | I20: =TRUNC((H20*$J$6),2) -> 0.14 | J20: =H20+I20 -> 0.8 | K20: =TRUNC((G20*J20),2) -> 3365.71 | L20: =K20/$K$106 -> 0.0069168356
B21: 100978 | C21: 01.04 | D21: Carga, manobra e descarga de solos e materiais granulares em caminhão basculante 10m³, carga com escavadeira hidráulica (caçamba de 1,20m³ / 155HP) e descarga livre | F21: m³ | G21: ='Serv. Preliminares'!I16 -> 210.35 | H21: 6.88 | I21: =TRUNC((H21*$J$6),2) -> 1.51 | J21: =H21+I21 -> 8.39 | K21: =TRUNC((G21*J21),2) -> 1764.83 | L21: =K21/$K$106 -> 0.0036268838
B22: 95875 | C22: 01.05 | D22: Transporte com caminhão basculante de 10m³, em via urbana pavimentada, DMT até 30km - BOTA FORA | E22: ='Serv. Preliminares'!$E$17 -> 10 | F22: m³.km | G22: ='Serv. Preliminares'!I17 -> 2103.5 | H22: 2.44 | I22: =TRUNC((H22*$J$6),2) -> 0.53 | J22: =H22+I22 -> 2.97 | K22: =TRUNC((G22*J22),2) -> 6247.39 | L22: =K22/$K$106 -> 0.012838946
B23: 100574 | C23: 01.06 | D23: Espalhamento de material com trator esteiras | F23: m³ | G23: ='Serv. Preliminares'!I18 -> 210.35 | H23: 1.37 | I23: =TRUNC((H23*$J$6),2) -> 0.3 | J23: =H23+I23 -> 1.67 | K23: =TRUNC((G23*J23),2) -> 351.28 | L23: =K23/$K$106 -> 0.00072191187
E25: =CONCATENATE("SUBTOTAL ",C13) -> SUBTOTAL 01 | K25: =SUM(K13:K24) -> 17506.21 | L25: =SUM(L13:L24) -> 0.03597683
C27: 02 | D27: IMPLANTAÇÃO ASFÁLTICA
C29: 02.01 | D29: TERRAPLENAGEM
D31: CORTE COMPENSADO
B32: 101115 | C32: 02.01.01 | D32: Escavação horizontal em solo de 1ª categoria, com trator de esteiras (150HP / lâmina: 3,18m³) | F32: m³ | G32: ='Pav-Terrapl'!K20 -> 111.14 | H32: 3.72 | I32: =TRUNC((H32*$J$6),2) -> 0.81 | J32: =H32+I32 -> 4.53 | K32: =TRUNC((G32*J32),2) -> 503.46 | L32: =K32/$K$106 -> 0.0010346554
B33: 100978 | C33: 02.01.02 | D33: Carga, manobra e descarga de solos e materiais granulares em caminhão basculante 10m³, carga com escavadeira hidráulica (caçamba de 1,20m³ / 155HP) e descarga livre | F33: m³ | G33: ='Pav-Terrapl'!K21 -> 144.48 | H33: 6.88 | I33: =TRUNC((H33*$J$6),2) -> 1.51 | J33: =H33+I33 -> 8.39 | K33: =TRUNC((G33*J33),2) -> 1212.18 | L33: =K33/$K$106 -> 0.0024911385
B34: 95875 | C34: 02.01.03 | D34: Transporte com caminhão basculante de 10m³, em via urbana pavimentada, DMT até 30km - BOTA FORA | E34: ='Pav-Terrapl'!$E$22 -> 10 | F34: m³.km | G34: ='Pav-Terrapl'!K22 -> 1444.8 | H34: 2.44 | I34: =TRUNC((H34*$J$6),2) -> 0.53 | J34: =H34+I34 -> 2.97 | K34: =TRUNC((G34*J34),2) -> 4291.05 | L34: =K34/$K$106 -> 0.0088184922
B35: 100574 | C35: 02.01.04 | D35: Espalhamento de material com trator esteiras | F35: m³ | G35: ='Pav-Terrapl'!K23 -> 144.48 | H35: 1.37 | I35: =TRUNC((H35*$J$6),2) -> 0.3 | J35: =H35+I35 -> 1.67 | K35: =TRUNC((G35*J35),2) -> 241.28 | L35: =K35/$K$106 -> 0.00049585202
B36: 96385 | C36: 02.01.05 | D36: Execução e compactação de aterro com solo predominantemente argiloso, exclusive escavação, carga e transporte de solo | F36: m³ | G36: ='Pav-Terrapl'!K24 -> 257.48 | H36: 12.22 | I36: =TRUNC((H36*$J$6),2) -> 2.68 | J36: =H36+I36 -> 14.9 | K36: =TRUNC((G36*J36),2) -> 3836.45 | L36: =K36/$K$106 -> 0.0078842485
C38: 02.02 | D38: PAVIMENTAÇÃO
D40: REGULARIZAÇÃO
B41: 100576 | C41: 02.02.01 | D41: Regularização e compactação de subleito de solo predominantemente argiloso | F41: m² | G41: ='Pav-Pavimento'!K21 -> 1011.35 | H41: 2.81 | I41: =TRUNC((H41*$J$6),2) -> 0.61 | J41: =H41+I41 -> 3.42 | K41: =TRUNC((G41*J41),2) -> 3458.81 | L41: =K41/$K$106 -> 0.0071081644
D43: EXECUÇÃO DA BASE
B44: IUP30129 - AGESUL | C44: 02.02.02 | D44: Execução e compactação de base e ou sub base para pavimentação com pedra britada ou bica corrida - exclusive material, carga e transporte - BICA CORRIDA | F44: m³ | G44: ='Pav-Pavimento'!K25 -> 98.3 | H44: 16.27 | I44: =TRUNC((H44*$J$6),2) -> 3.57 | J44: =H44+I44 -> 19.84 | K44: =TRUNC((G44*J44),2) -> 1950.27 | L44: =K44/$K$106 -> 0.0040079796
D46: AQUISIÇÃO DA BASE
B47: MIUC00701 - AGESUL | C47: 02.02.03 | D47: Pedra britada ou bica corrida, não classificada (posto pedreira / fornecedor, sem frete) | F47: m³ | G47: ='Pav-Pavimento'!K26 -> 127.78 | H47: 108.86 | I47: =TRUNC((H47*$L$6),2) -> 0 | J47: =H47+I47 -> 108.86 | K47: =TRUNC((G47*J47),2) -> 13910.13 | L47: =K47/$K$106 -> 0.028586563
D49: TRANSPORTE DA BASE
B50: 95875 | C50: 02.02.04 | D50: Transporte com caminhão basculante de 10m³, em via urbana pavimentada, DMT até 30km - BICA CORRIDA | E50: ='Pav-Pavimento'!$F$27 -> 30 | F50: m³.km | G50: ='Pav-Pavimento'!K27 -> 3833.4 | H50: 2.44 | I50: =TRUNC((H50*$J$6),2) -> 0.53 | J50: =H50+I50 -> 2.97 | K50: =TRUNC((G50*J50),2) -> 11385.19 | L50: =K50/$K$106 -> 0.023397586
B51: 93590 | C51: 02.02.05 | D51: Transporte com caminhão basculante de 10m³, em via urbana pavimentada, adicional para DMT excedente a 30km - BICA CORRIDA | E51: ='Pav-Pavimento'!$F$28 -> 26.7 | F51: m³.km | G51: ='Pav-Pavimento'!K28 -> 3411.71 | H51: 0.97 | I51: =TRUNC((H51*$J$6),2) -> 0.21 | J51: =H51+I51 -> 1.18 | K51: =TRUNC((G51*J51),2) -> 4025.81 | L51: =K51/$K$106 -> 0.0082734002
D53: IMPRIMAÇÃO
B54: IUP30114 - AGESUL | C54: 02.02.06 | D54: Execução de imprimação com emulsão asfáltica a base d'água.(exclusive material betuminoso) | F54: m² | G54: ='Pav-Pavimento'!K30 -> 716.9 | H54: 0.64 | I54: =TRUNC((H54*$J$6),2) -> 0.14 | J54: =H54+I54 -> 0.78 | K54: =TRUNC((G54*J54),2) -> 559.18 | L54: =K54/$K$106 -> 0.001149165
B55: IUP0007 - AGESUL | C55: 02.02.07 | D55: Emulsão asfáltica a base d'água para imprimação | F55: t | G55: ='Pav-Pavimento'!K32 -> 0.85 | H55: 4327.5 | I55: =TRUNC((H55*$L$6),2) -> 0 | J55: =H55+I55 -> 4327.5 | K55: =TRUNC((G55*J55),2) -> 3678.37 | L55: =K55/$K$106 -> 0.0075593799
B56: 102330 | C56: 02.02.08 | D56: Transporte com caminhão tanque de transporte de material asfáltico de 30.000L, em via urbana pavimentada, DMT até 30km - CM-IMPRIMA | E56: ='Pav-Pavimento'!$F$33 -> 30 | F56: t.km | G56: ='Pav-Pavimento'!K33 -> 25.5 | H56: 1.41 | I56: =TRUNC((H56*$J$6),2) -> 0.31 | J56: =H56+I56 -> 1.72 | K56: =TRUNC((G56*J56),2) -> 43.86 | L56: =K56/$K$106 -> 9.013623e-05
B57: 102331 | C57: 02.02.09 | D57: Transporte com caminhão tanque de transporte de material asfáltico de 30.000L, em via urbana pavimentada, adicional para DMT excedente a 30km - CM-IMPRIMA | E57: ='Pav-Pavimento'!$F$34 -> 149 | F57: t.km | G57: ='Pav-Pavimento'!K34 -> 126.65 | H57: 0.55 | I57: =TRUNC((H57*$J$6),2) -> 0.12 | J57: =H57+I57 -> 0.67 | K57: =TRUNC((G57*J57),2) -> 84.85 | L57: =K57/$K$106 -> 0.00017437435
D59: CBUQ
B60: 1518 - Insumo | C60: 02.02.10 | D60: Concreto betuminoso usinado a quente (CBUQ) para pavimentação asfáltica, padrão DNIT, faixa "C", com CAP 50/70, aquisição posto usina | F60: t | G60: ='Pav-Pavimento'!K38 -> 54.93 | H60: 653 | I60: =TRUNC((H60*$L$6),2) -> 0 | J60: =H60+I60 -> 653 | K60: =TRUNC((G60*J60),2) -> 35869.29 | L60: =K60/$K$106 -> 0.073714605
B61: IUP20005 - AGESUL | C61: 02.02.11 | D61: Aplicação de concreto betuminoso usinado à quente (CBUQ), exclusive transporte e material | F61: t | G61: ='Pav-Pavimento'!K39 -> 54.93 | H61: 46.75 | I61: =TRUNC((H61*$J$6),2) -> 10.28 | J61: =H61+I61 -> 57.03 | K61: =TRUNC((G61*J61),2) -> 3132.65 | L61: =K61/$K$106 -> 0.0064378764
B62: 95878 | C62: 02.02.12 | D62: Transporte com caminhão basculante de 10m³, em via urbana pavimentada, DMT até 30km - CBUQ | E62: ='Pav-Pavimento'!$F$40 -> 30 | F62: t.km | G62: ='Pav-Pavimento'!K40 -> 1647.9 | H62: 1.64 | I62: =TRUNC((H62*$J$6),2) -> 0.36 | J62: =H62+I62 -> 2 | K62: =TRUNC((G62*J62),2) -> 3295.8 | L62: =K62/$K$106 -> 0.0067731643
B63: 93596 | C63: 02.02.13 | D63: Transporte com caminhão basculante de 10m³, em via urbana pavimentada, adicional para DMT excedente a 30km - CBUQ | E63: ='Pav-Pavimento'!$F$41 -> 26.7 | F63: t.km | G63: ='Pav-Pavimento'!K41 -> 1466.62 | H63: 0.65 | I63: =TRUNC((H63*$J$6),2) -> 0.14 | J63: =H63+I63 -> 0.79 | K63: =TRUNC((G63*J63),2) -> 1158.62 | L63: =K63/$K$106 -> 0.0023810679
E65: =CONCATENATE("SUBTOTAL ",C27) -> SUBTOTAL 02 | K65: =SUM(K27:K64) -> 92637.25 | L65: =SUM(L27:L64) -> 0.19037785
C67: 03 | D67: SERVIÇOS COMPLEMENTARES
D69: URBANIZAÇÃO
B70: 103946 | C70: 03.01 | D70: Plantio de grama esmeralda ou são carlos ou curitibana, em placas. | F70: m² | G70: ='Serv. Complementares'!I10 -> 1655.71 | H70: 14.06 | I70: =TRUNC((H70*$J$6),2) -> 3.09 | J70: =H70+I70 -> 17.15 | K70: =TRUNC((G70*J70),2) -> 28395.42 | L70: =K70/$K$106 -> 0.058355132
E72: =CONCATENATE("SUBTOTAL ",C67) -> SUBTOTAL 03 | K72: =SUM(K67:K71) -> 28395.42 | L72: =SUM(L67:L71) -> 0.058355132
C74: 04 | D74: PASSEIO COM ACESSIBILIDADE
D76: REGULARIZAÇÃO
B77: IUD30120 - AGESUL | C77: 04.01 | D77: Preparo manual de terreno sem raspagem superficial | F77: m² | G77: ='Passeio com Acessibilidade'!K10 -> 3751.59 | H77: 8.31 | I77: =TRUNC((H77*$J$6),2) -> 1.82 | J77: =H77+I77 -> 10.13 | K77: =TRUNC((G77*J77),2) -> 38003.6 | L77: =K77/$K$106 -> 0.078100803
D79: CALÇADAS
B80: 94990 | C80: 04.02 | D80: Execução de passeio (calçada) ou piso de concreto com concreto moldado in loco, feito em obra, acabamento convencional, não armado | F80: m³ | G80: ='Passeio com Acessibilidade'!K17 -> 262.6 | H80: 753.72 | I80: =TRUNC((H80*$J$6),2) -> 165.81 | J80: =H80+I80 -> 919.53 | K80: =TRUNC((G80*J80),2) -> 241468.57 | L80: =K80/$K$106 -> 0.49623955
B81: 100978 | C81: 04.03 | D81: Carga, manobra e descarga de solos e materiais granulares em caminhão basculante 10m³, carga com escavadeira hidráulica (caçamba de 1,20m³ / 155HP) e descarga livre | F81: m³ | G81: ='Passeio com Acessibilidade'!K20 -> 184.49 | H81: 6.88 | I81: =TRUNC((H81*$J$6),2) -> 1.51 | J81: =H81+I81 -> 8.39 | K81: =TRUNC((G81*J81),2) -> 1547.87 | L81: =K81/$K$106 -> 0.0031810115
B82: 95875 | C82: 04.04 | D82: Transporte com caminhão basculante de 10m³, em via urbana pavimentada, DMT até 30km - BRITA PARA CALÇADAS | E82: ='Passeio com Acessibilidade'!$E$21 -> 30 | F82: m³.km | G82: ='Passeio com Acessibilidade'!K21 -> 5534.7 | H82: 2.44 | I82: =TRUNC((H82*$J$6),2) -> 0.53 | J82: =H82+I82 -> 2.97 | K82: =TRUNC((G82*J82),2) -> 16438.05 | L82: =K82/$K$106 -> 0.033781666
B83: 93590 | C83: 04.05 | D83: Transporte com caminhão basculante de 10m³, em via urbana pavimentada, adicional para DMT excedente a 30km - BRITA PARA CALÇADAS | E83: ='Passeio com Acessibilidade'!$E$22 -> 26.7 | F83: m³.km | G83: ='Passeio com Acessibilidade'!K22 -> 4925.87 | H83: 0.97 | I83: =TRUNC((H83*$J$6),2) -> 0.21 | J83: =H83+I83 -> 1.18 | K83: =TRUNC((G83*J83),2) -> 5812.52 | L83: =K83/$K$106 -> 0.011945249
E85: =CONCATENATE("SUBTOTAL ",C74) -> SUBTOTAL 04 | K85: =SUM(K74:K84) -> 303270.61 | L85: =SUM(L74:L84) -> 0.62324828
C87: 05 | D87: SINALIZAÇÃO
D89: PINTURA
B90: SV - 04 | C90: 05.01 | D90: Pintura de piso de ciclovia, tinta base acrílica emulsionada em água, espessura de 0,30mm | F90: m² | G90: =Sinalização!I12 -> 686.95 | H90: ='SV-04 - Comp. Pintura'!I45 -> 26.84 | I90: =TRUNC((H90*$J$6),2) -> 5.9 | J90: =H90+I90 -> 32.74 | K90: =TRUNC((G90*J90),2) -> 22490.74 | L90: =K90/$K$106 -> 0.046220486
E92: =CONCATENATE("SUBTOTAL ",C87) -> SUBTOTAL 05 | K92: =SUM(K88:K91) -> 22490.74 | L92: =SUM(L88:L91) -> 0.046220486
C94: 06 | D94: ADMINISTRAÇÃO LOCAL
D96: EQUIPE TÉCNICA | N96: HORAS | O96: DIAS | P96: MESES
B97: 90777 | C97: 06.01 | D97: Engenheiro civil de obra junior com encargos complentares | F97: h | G97: =ROUND((N97*O97*P97),2) -> 22 | H97: 125.79 | I97: =TRUNC((H97*$J$6),2) -> 27.67 | J97: =H97+I97 -> 153.46 | K97: =TRUNC((G97*J97),2) -> 3376.12 | L97: =K97/$K$106 -> 0.0069382291 | N97: 0.5 | O97: 22 | P97: 2
B98: 90776 | C98: 06.02 | D98: Encarregado geral com encargos complementares | F98: h | G98: =ROUND((N98*O98*P98),2) -> 352 | H98: 30.22 | I98: =TRUNC((H98*$J$6),2) -> 6.64 | J98: =H98+I98 -> 36.86 | K98: =TRUNC((G98*J98),2) -> 12974.72 | L98: =K98/$K$106 -> 0.026664212 | N98: 8 | O98: 22 | P98: =P97 -> 2
B99: 90781 | C99: 06.03 | D99: Topógrafo com encargos complementares | F99: h | G99: =ROUND((N99*O99*P99),2) -> 88 | H99: 26.2 | I99: =TRUNC((H99*$J$6),2) -> 5.76 | J99: =H99+I99 -> 31.96 | K99: =TRUNC((G99*J99),2) -> 2812.48 | L99: =K99/$K$106 -> 0.0057798984 | N99: 2 | O99: 22 | P99: =P98 -> 2
B100: 88253 | C100: 06.04 | D100: Auxiliar de topógrafo com encargos complementares | F100: h | G100: =ROUND((N100*O100*P100),2) -> 88 | H100: 13.04 | I100: =TRUNC((H100*$J$6),2) -> 2.86 | J100: =H100+I100 -> 15.9 | K100: =TRUNC((G100*J100),2) -> 1399.2 | L100: =K100/$K$106 -> 0.0028754814 | N100: 2 | O100: 22 | P100: =P99 -> 2
B101: 88321 | C101: 06.05 | D101: Técnico de laboratório com encargos complementares | F101: h | G101: =ROUND((N101*O101*P101),2) -> 22 | H101: 35.09 | I101: =TRUNC((H101*$J$6),2) -> 7.71 | J101: =H101+I101 -> 42.8 | K101: =TRUNC((G101*J101),2) -> 941.6 | L101: =K101/$K$106 -> 0.0019350724 | N101: 0.5 | O101: 22 | P101: =P100 -> 2
B102: 88249 | C102: 06.06 | D102: Auxiliar de laboratório com encargos complementares | F102: h | G102: =ROUND((N102*O102*P102),2) -> 22 | H102: 29.53 | I102: =TRUNC((H102*$J$6),2) -> 6.49 | J102: =H102+I102 -> 36.02 | K102: =TRUNC((G102*J102),2) -> 792.44 | L102: =K102/$K$106 -> 0.0016285352 | N102: 0.5 | O102: 22 | P102: =P101 -> 2
E104: =CONCATENATE("SUBTOTAL ",C94) -> SUBTOTAL 06 | K104: =SUM(K94:K103) -> 22296.56 | L104: =SUM(L94:L103) -> 0.045821428
B106: TOTAL GERAL | K106: =SUM(K12:K105)/2 -> 486596.79 | L106: =SUM(L12:L105)/2 -> 1
D108: QUADRO RESUMO
C110: =C13 -> 01 | D110: =D13 -> SERVIÇOS PRELIMINARES | K110: =K25 -> 17506.21 | L110: =L25 -> 0.03597683
C111: =C27 -> 02 | D111: =D27 -> IMPLANTAÇÃO ASFÁLTICA | K111: =K65 -> 92637.25 | L111: =L65 -> 0.19037785
C112: =C67 -> 03 | D112: =D67 -> SERVIÇOS COMPLEMENTARES | K112: =K72 -> 28395.42 | L112: =L72 -> 0.058355132
C113: =C74 -> 04 | D113: =D74 -> PASSEIO COM ACESSIBILIDADE | K113: =K85 -> 303270.61 | L113: =L85 -> 0.62324828
C114: =C87 -> 05 | D114: =D87 -> SINALIZAÇÃO | K114: =K92 -> 22490.74 | L114: =L92 -> 0.046220486
C115: =C94 -> 06 | D115: =D94 -> ADMINISTRAÇÃO LOCAL | K115: =K104 -> 22296.56 | L115: =L104 -> 0.045821428
K117: =SUM(K109:K116) -> 486596.79 | L117: =SUM(L109:L116) -> 1

Sheet BDI SERVIÇO
C2: VERIFICAÇÃO DO BDI - ACÓRDÃO 2.622/2013
C5: DADOS INICIAIS
C7: TIPO DE OBRA: | D7: Construção de rodovias e ferrovias
C9: ENQUADRAMENTO NA DESONERAÇÃO CONFORME LEI N° 12.844/2013:* | G9: NÃO | L9: =IF(G9="","PREENCHER SE A OBRA POSSUI FOLHA DE PAGAMENTO DESONERADA","")
C10: *Uso de encargos sociais desonerados na elaboração do orçamento
C12: ENQUADRAM-SE NO TIPO SELECIONADO:
C13: =VLOOKUP(BV295,BW257:BX262,2,0) -> A construção e recuperação de: auto-estradas, rodovias e outras vias não-urbanas para passagem de veículos, vias férreas de superfície ou subterrâneas (inclusive para metropolitanos), pistas de aeroportos. Esta classe compreende também: a pavimentação de auto-estradas, rodovias e outras vias não-urbanas; construção de pontes, viadutos e túneis; a instalação de barreiras acústicas; a construção de praças de pedágio; a sinalização com pintura em rodovias e aeroportos; a instalação de placas de sinalização de tráfego e semelhantes, conforme classificação 4211-1 do CNAE 2.0. Também enquadram-se a construção, pavimentação e sinalização de vias urbanas, ruas e locais para estacionamento de veículos; a construção de praças e calçadas para pedestres; elevados, passarelas e ciclovias; metrô e VLT.
C15: CÁLCULO DOS IMPOSTOS
C17: TIPO DE TRIBUTAÇÃO SOBRE O LUCRO: | F17: LUCRO PRESUMIDO | L17: =IF(F17="LUCRO REAL","PARA CÁLCULO DO IMPOSTO PREENCHER O % ADOTADO DE LUCRO NO CÁLCULO DO BDI - CELULA F40","")
C19: Imposto | D19: Aliquota | E19: Base de cálculo
C20: PIS | D20: =VLOOKUP($F$17,$CF$266:$CI$267,2,0) -> 0.0065 | E20: =VLOOKUP(F17,CF266:CI267,4,0) -> RECEITA BRUTA (VALOR DA NOTA)
C21: COFINS | D21: =VLOOKUP($F$17,$CF$266:$CI$267,3,0) -> 0.03
C23: ISS BRUTO % (LEI MUNICIPAL): | E23: % INCIDÊNCIA (M.OBRA)*
C24: 0.05 | E24: 0.6
E25: ,
C26: ISS LÍQUIDO | D26: =+C24*E24 -> 0.03
E28: TOTAL IMPOSTOS | G28: =VLOOKUP(F17,CF266:CJ267,5,0) -> 0.0665
C30: *Incidência do total do contrato que representa mão de obra para compor a base de cálculo conf. legislação municipal.
C34: VERIFICAÇÃO E CÁLCULO DO BDI
C36: ITEM COMPONENTE | D36: 1º QUARTIL | E36: MÉDIO | F36: 3º QUARTIL | G36: Adotado | J36: Cálculo arredondado
C37: Administração Central | D37: =BW296 -> 0.038 | E37: =BX296 -> 0.0401 | F37: =BY296 -> 0.0467 | G37: 0.0401 | J37: =TRUNC(G37,4) -> 0.0401
C38: Seguro e Garantia | D38: =BW297 -> 0.0032 | E38: =BX297 -> 0.004 | F38: =BY297 -> 0.0074 | G38: 0.004 | J38: =TRUNC(G38,4) -> 0.004
C39: Risco | D39: =BW298 -> 0.005 | E39: =BX298 -> 0.0056 | F39: =BY298 -> 0.0097 | G39: 0.0056 | J39: =TRUNC(G39,4) -> 0.0056
C40: Despesas Financeiras | D40: =BW299 -> 0.0102 | E40: =BX299 -> 0.0111 | F40: =BY299 -> 0.0121 | G40: 0.0111 | J40: =TRUNC(G40,4) -> 0.0111
C41: Lucro | D41: =BW300 -> 0.0664 | E41: =BX300 -> 0.073 | F41: =BY300 -> 0.0869 | G41: 0.073 | J41: =TRUNC(G41,4) -> 0.073
C43: Impostos | G43: =G28 -> 0.0665 | J43: =TRUNC(G43,5) -> 0.0665
C50: BDI CALCULADO | F50: =ROUND((((1+J37+J38+J39)*(1+J40)*(1+J41))/(1-J43))-1,4) -> 0.22
C52: =IF(F50<D54,"ERRO - BDI INFERIOR AO 1º QUARTIL",IF(F50>F54,"ERRO - BDI SUPERIOR AO 3º QUARTIL",""))
D53: 1º QUARTIL | E53: MÉDIO | F53: 3º QUARTIL
C54: LIMITES DO BDI | D54: =BW295 -> 0.196 | E54: =BX295 -> 0.2097 | F54: =BY295 -> 0.2423
C56: CORREÇÃO DA DESONERAÇÃO
C58: BDI CALCULADO C/ DESONERAÇÃO (USO DE E.S. DESONERADOS): | F58: =TRUNC((((1+J37+J38+J39)*(1+J40)*(1+J41))/(1-J60))-1,4) -> 0.2688
C60: INSS SOBRE A RECEITA BRUTA: | D60: 0.036 | E60: TOTAL IMPOSTOS | G60: =+G28+D60 -> 0.1025 | J60: =TRUNC(G60,5) -> 0.1025
B65: ____________________________________
B66: Elemento Engenharia e Arquitetura CNPJ: 33.545.436/0001-15
BU255: BANCO DE DADOS
BV256: TIPO DE OBRA | BW256: CÓDIGO | BX256: ENQUARAMENTO
BU257: 100 | BV257: Construção de edificios | BW257: =+BU257 -> 100 | BX257: A construção e reforma de: edifícios, unidades habitacionais, escolas, hospitais, hotéis, restaurantes, armazéns e depósitos, edifícios para uso agropecuário, estações para trens e metropolitanos, estádios esportivos e quadras cobertas, instalações para embarque e desembarque de passageiros (em aeroportos, rodoviárias, portos, etc.), penitenciárias e presídios, a construção de edifícios industriais (fábricas, oficinas, galpões industriais, etc.), conforme classificação 4120-4 do CNAE 2.0. Também enquadram-se pórticos, mirantes e outros edifícios de finalidade turística.
BU258: 200 | BV258: Construção de rodovias e ferrovias | BW258: =+BU258 -> 200 | BX258: A construção e recuperação de: auto-estradas, rodovias e outras vias não-urbanas para passagem de veículos, vias férreas de superfície ou subterrâneas (inclusive para metropolitanos), pistas de aeroportos. Esta classe compreende também: a pavimentação de auto-estradas, rodovias e outras vias não-urbanas; construção de pontes, viadutos e túneis; a instalação de barreiras acústicas; a construção de praças de pedágio; a sinalização com pintura em rodovias e aeroportos; a instalação de placas de sinalização de tráfego e semelhantes, conforme classificação 4211-1 do CNAE 2.0. Também enquadram-se a construção, pavimentação e sinalização de vias urbanas, ruas e locais para estacionamento de veículos; a construção de praças e calçadas para pedestres; elevados, passarelas e ciclovias; metrô e VLT.
BU259: 300 | BV259: Construção de Redes de Abastecimento de Água, Coleta de Esgoto e Construções Correlatas | BW259: =+BU259 -> 300 | BX259: A construção de sistemas para o abastecimento de água tratada: reservatórios de distribuição, estações elevatórias de bombeamento, linhas principais de adução de longa e média distância e redes de distribuição de água; a construção de redes de coleta de esgoto, inclusive de interceptores, estações de tratamento de esgoto (ETE), estações de bombeamento de esgoto (EBE); a construção de galerias pluviais (obras de micro e macro drenagem). Esta classe compreende também: as obras de irrigação (canais); a manutenção de redes de abastecimento de água tratada; a manutenção de redes de coleta e de sistemas de tratamento de esgoto, conforme classificação 4222-7 do CNAE 2.0. Enquadra-se ainda a construção de estações de tratamento de água (ETA).
BU260: 400 | BV260: Construção e Manutenção de Estações e Redes de Distribuição de Energia Elétrica | BW260: =+BU260 -> 400 | BX260: A construção de usinas, estações e subestações hidrelétricas, eólicas, nucleares, termoelétricas; a construção de redes de transmissão e distribuição de energia elétrica, inclusive o serviço de eletrificação rural. Esta subclasse compreende também: a construção de redes de eletrificação para ferrovias e metropolitano, conforme classificação 4221-9/02 do CNAE 2.0. Compreende ainda: a manutenção de redes de distribuição de energia elétrica, quando executada por empresa não-produtora ou distribuidora de energia elétrica, conforme classificação 4221-9/03 do CNAE 2.0. Enquadram-se também obras de iluminação pública e a construção de barragens e represas para geração de energia elétrica.
BU261: 500 | BV261: Portuárias, Marítimas e Fluviais | BW261: =+BU261 -> 500 | BX261: As obras marítimas e fluviais, tais como, construção de instalações portuárias; construção de portos e marinas; construção de eclusas e canais de navegação (vias navegáveis); enrocamentos; obras de dragagem; aterro hidráulico; barragens, represas e diques, exceto para energia elétrica; a construção de emissários submarinos; a instalação de cabos submarinos, conforme classificação 4291-0 do CNAE 2.0. Enquadram-se também a construção de piers e outras obras com influência direta de cursos d’água.
BU262: 600 | BV262: Fornecimento de Materiais e Equipamentos | BW262: =+BU262 -> 600 | BX262: O fornecimento de materiais e equipamentos relevantes de natureza específica, como é o caso de: materiais betuminosos para obras rodoviárias,tubos de ferro fundido ou PVC para obras de abastecimento de água,elevadores e escadas rolantes para obras aeroportuárias. Os materiais e equipamentos devem compor itens próprios na planilha orçamentária, apartados de sua instalação, assentamento ou produção, p. ex., conjunto motor-bomba, tubulação de ferro fundido e material betuminoso, respectivamente. A adoção de taxa de BDI reduzida somente se justifica no caso de ficarem satisfeitas cumulativamente as seguintes condições: fornecimento de materiais e equipamentos que possam ser contratados diretamente do fabricante ou de fornecedor com especialidade própria e diversa da contratada principal;que se constitua mera intermediação entre a construtora e o fabricante; que a intermediação para fornecimento de equipamentos seja atividade residual da construtora.
CG265: PIS | CH265: CONFINS | CI265: BASE DE CÁLCULO
CF266: LUCRO PRESUMIDO | CG266: 0.0065 | CH266: 0.03 | CI266: RECEITA BRUTA (VALOR DA NOTA) | CJ266: =(D20+D21)+D26 -> 0.0665
CF267: LUCRO REAL | CG267: 0.0165 | CH267: 0.076 | CI267: LUCRO | CJ267: =(D20+D21)*(G41/(1+G41))+D26 -> 0.032483225
CE271: =BU257 -> 100 | CF271: =BV257 -> Construção de edificios
CE272: =+CE271+1 -> 101 | CF272: Administração Central | CG272: 0.03 | CH272: 0.04 | CI272: 0.055
CE273: =+CE272+1 -> 102 | CF273: Seguro e Garantia | CG273: 0.008 | CH273: 0.008 | CI273: 0.01
CE274: =+CE273+1 -> 103 | CF274: Risco | CG274: 0.0097 | CH274: 0.0127 | CI274: 0.0127
CE275: =+CE274+1 -> 104 | CF275: Despesas Financeiras | CG275: 0.0059 | CH275: 0.0123 | CI275: 0.0139
CE276: =+CE275+1 -> 105 | CF276: Lucro | CG276: 0.0616 | CH276: 0.074 | CI276: 0.0896
CE279: =BU258 -> 200 | CF279: =BV258 -> Construção de rodovias e ferrovias
CE280: =+CE279+1 -> 201 | CF280: Administração Central | CG280: 0.038 | CH280: 0.0401 | CI280: 0.0467
CE281: =+CE280+1 -> 202 | CF281: Seguro e Garantia | CG281: 0.0032 | CH281: 0.004 | CI281: 0.0074
CE282: =+CE281+1 -> 203 | CF282: Risco | CG282: 0.005 | CH282: 0.0056 | CI282: 0.0097
CE283: =+CE282+1 -> 204 | CF283: Despesas Financeiras | CG283: 0.0102 | CH283: 0.0111 | CI283: 0.0121
CE284: =+CE283+1 -> 205 | CF284: Lucro | CG284: 0.0664 | CH284: 0.073 | CI284: 0.0869
CE287: =BU259 -> 300 | CF287: =BV259 -> Construção de Redes de Abastecimento de Água, Coleta de Esgoto e Construções Correlatas
CE288: =+CE287+1 -> 301 | CF288: Administração Central | CG288: 0.0343 | CH288: 0.0493 | CI288: 0.0671
CE289: =+CE288+1 -> 302 | CF289: Seguro e Garantia | CG289: 0.0028 | CH289: 0.0049 | CI289: 0.0075
CE290: =+CE289+1 -> 303 | CF290: Risco | CG290: 0.01 | CH290: 0.0139 | CI290: 0.0174
CE291: =+CE290+1 -> 304 | CF291: Despesas Financeiras | CG291: 0.0094 | CH291: 0.0099 | CI291: 0.0117
CE292: =+CE291+1 -> 305 | CF292: Lucro | CG292: 0.0674 | CH292: 0.0804 | CI292: 0.094
BV294: Código da pesquisa | BW294: 1º Quartil | BX294: Médio | BY294: 3º Quartil | CE294: =BU260 -> 400 | CF294: =BV260 -> Construção e Manutenção de Estações e Redes de Distribuição de Energia Elétrica
BU295: BDI | BV295: =VLOOKUP(D7,BV257:BW262,2,0) -> 200 | BW295: =VLOOKUP($BV295,$BU$306:$BY$311,3,0) -> 0.196 | BX295: =VLOOKUP($BV295,$BU$306:$BY$311,4,0) -> 0.2097 | BY295: =VLOOKUP($BV295,$BU$306:$BY$311,5,0) -> 0.2423 | CE295: =+CE294+1 -> 401 | CF295: Administração Central | CG295: 0.0529 | CH295: 0.0592 | CI295: 0.0793
BU296: Administração Central | BV296: =+BV295+1 -> 201 | BW296: =VLOOKUP($BV296,$CE$271:$CI$312,3,0) -> 0.038 | BX296: =VLOOKUP($BV296,$CE$271:$CI$312,4,0) -> 0.0401 | BY296: =VLOOKUP($BV296,$CE$271:$CI$312,5,0) -> 0.0467 | CE296: =+CE295+1 -> 402 | CF296: Seguro e Garantia | CG296: 0.0025 | CH296: 0.0051 | CI296: 0.0056
BU297: Seguro e Garantia | BV297: =+BV296+1 -> 202 | BW297: =VLOOKUP($BV297,$CE$271:$CI$312,3,0) -> 0.0032 | BX297: =VLOOKUP($BV297,$CE$271:$CI$312,4,0) -> 0.004 | BY297: =VLOOKUP($BV297,$CE$271:$CI$312,5,0) -> 0.0074 | CE297: =+CE296+1 -> 403 | CF297: Risco | CG297: 0.01 | CH297: 0.0148 | CI297: 0.0197
BU298: Risco | BV298: =+BV297+1 -> 203 | BW298: =VLOOKUP($BV298,$CE$271:$CI$312,3,0) -> 0.005 | BX298: =VLOOKUP($BV298,$CE$271:$CI$312,4,0) -> 0.0056 | BY298: =VLOOKUP($BV298,$CE$271:$CI$312,5,0) -> 0.0097 | CE298: =+CE297+1 -> 404 | CF298: Despesas Financeiras | CG298: 0.0101 | CH298: 0.0107 | CI298: 0.0111
BU299: Despesas Financeiras | BV299: =+BV298+1 -> 204 | BW299: =VLOOKUP($BV299,$CE$271:$CI$312,3,0) -> 0.0102 | BX299: =VLOOKUP($BV299,$CE$271:$CI$312,4,0) -> 0.0111 | BY299: =VLOOKUP($BV299,$CE$271:$CI$312,5,0) -> 0.0121 | CE299: =+CE298+1 -> 405 | CF299: Lucro | CG299: 0.08 | CH299: 0.0831 | CI299: 0.0951
BU300: Lucro | BV300: =+BV299+1 -> 205 | BW300: =VLOOKUP($BV300,$CE$271:$CI$312,3,0) -> 0.0664 | BX300: =VLOOKUP($BV300,$CE$271:$CI$312,4,0) -> 0.073 | BY300: =VLOOKUP($BV300,$CE$271:$CI$312,5,0) -> 0.0869 | CE300: =BU261 -> 500 | CF300: =BV261 -> Portuárias, Marítimas e Fluviais
CE301: =+CE300+1 -> 501 | CF301: Administração Central | CG301: 0.04 | CH301: 0.0552 | CI301: 0.0785
CE302: =+CE301+1 -> 502 | CF302: Seguro e Garantia | CG302: 0.0081 | CH302: 0.0122 | CI302: 0.0199
CE303: =+CE302+1 -> 503 | CF303: Risco | CG303: 0.0146 | CH303: 0.0232 | CI303: 0.0316
CE304: =+CE303+1 -> 504 | CF304: Despesas Financeiras | CG304: 0.0094 | CH304: 0.0102 | CI304: 0.0133
BW305: 1 Quartil | BX305: Médio | BY305: 3 Quartil | CE305: =+CE304+1 -> 505 | CF305: Lucro | CG305: 0.0714 | CH305: 0.084 | CI305: 0.1043
BU306: =BU257 -> 100 | BV306: =VLOOKUP(BU306,BU257:BV262,2,0) -> Construção de edificios | BW306: 0.2034 | BX306: 0.2212 | BY306: 0.25
BU307: 200 | BV307: =VLOOKUP(BU307,BU258:BV263,2,0) -> Construção de rodovias e ferrovias | BW307: 0.196 | BX307: 0.2097 | BY307: 0.2423 | CE307: =BU262 -> 600 | CF307: =BV262 -> Fornecimento de Materiais e Equipamentos
BU308: =BU259 -> 300 | BV308: =VLOOKUP(BU308,BU259:BV264,2,0) -> Construção de Redes de Abastecimento de Água, Coleta de Esgoto e Construções Correlatas | BW308: 0.2076 | BX308: 0.2418 | BY308: 0.2644 | CE308: =+CE307+1 -> 601 | CF308: Administração Central | CG308: 0.015 | CH308: 0.0345 | CI308: 0.0449
BU309: 400 | BV309: =VLOOKUP(BU309,BU260:BV265,2,0) -> Construção e Manutenção de Estações e Redes de Distribuição de Energia Elétrica | BW309: 0.24 | BX309: 0.2584 | BY309: 0.2786 | CE309: =+CE308+1 -> 602 | CF309: Seguro e Garantia | CG309: 0.003 | CH309: 0.0048 | CI309: 0.0082
BU310: 500 | BV310: =VLOOKUP(BU310,BU261:BV266,2,0) -> Portuárias, Marítimas e Fluviais | BW310: 0.228 | BX310: 0.2748 | BY310: 0.3095 | CE310: =+CE309+1 -> 603 | CF310: Risco | CG310: 0.0056 | CH310: 0.0085 | CI310: 0.0089
BU311: 600 | BV311: =VLOOKUP(BU311,BU262:BV267,2,0) -> Fornecimento de Materiais e Equipamentos | BW311: 0.111 | BX311: 0.1402 | BY311: 0.168 | CE311: =+CE310+1 -> 604 | CF311: Despesas Financeiras | CG311: 0.0085 | CH311: 0.0085 | CI311: 0.0111
CE312: =+CE311+1 -> 605 | CF312: Lucro | CG312: 0.035 | CH312: 0.0511 | CI312: 0.0622

Sheet Tabela Resumo
B2: =DADOS!$B$3 -> CLIENTE: | C2: =DADOS!$C$3 -> PREFEITURA MUNICIPAL DE RIO BRILHANTE / MS
B3: =DADOS!$B$4 -> ENDEREÇO: | C3: =DADOS!$C$4 -> RUA ATHAYDE NOGUEIRA, Nº 1.033 - CENTRO
B5: =DADOS!$B$7 -> OBRA: | C5: =DADOS!$C$7 -> PAVIMENTAÇÃO ASFÁLTICA E EM CONCRETO
B6: =DADOS!$B$8 -> LOCAL: | C6: =DADOS!$C$8 -> PRAÇA INTERATIVA, RIO BRILHANTE / MS
B8: ITEM | D8: SERVIÇO | E8: VALOR | F8: %
B10: TABELA RESUMO | C10: =Orçamento!C110 -> 01 | D10: =Orçamento!D110 -> SERVIÇOS PRELIMINARES | E10: =Orçamento!K110 -> 17506.21 | F10: =Orçamento!L110 -> 0.03597683
C11: =Orçamento!C111 -> 02 | D11: =Orçamento!D111 -> IMPLANTAÇÃO ASFÁLTICA | E11: =Orçamento!K111 -> 92637.25 | F11: =Orçamento!L111 -> 0.19037785
C12: =Orçamento!C112 -> 03 | D12: =Orçamento!D112 -> SERVIÇOS COMPLEMENTARES | E12: =Orçamento!K112 -> 28395.42 | F12: =Orçamento!L112 -> 0.058355132
C13: =Orçamento!C113 -> 04 | D13: =Orçamento!D113 -> PASSEIO COM ACESSIBILIDADE | E13: =Orçamento!K113 -> 303270.61 | F13: =Orçamento!L113 -> 0.62324828
C14: =Orçamento!C114 -> 05 | D14: =Orçamento!D114 -> SINALIZAÇÃO | E14: =Orçamento!K114 -> 22490.74 | F14: =Orçamento!L114 -> 0.046220486
C15: =Orçamento!C115 -> 06 | D15: =Orçamento!D115 -> ADMINISTRAÇÃO LOCAL | E15: =Orçamento!K115 -> 22296.56 | F15: =Orçamento!L115 -> 0.045821428
B17: VALOR GERAL | E17: =SUM(E9:E16) -> 486596.79 | F17: =SUM(F9:F16) -> 1

Sheet Cronograma
B2: =DADOS!$B$3 -> CLIENTE: | C2: =DADOS!$C$3 -> PREFEITURA MUNICIPAL DE RIO BRILHANTE / MS
B3: =DADOS!$B$4 -> ENDEREÇO: | C3: =DADOS!$C$4 -> RUA ATHAYDE NOGUEIRA, Nº 1.033 - CENTRO
B5: =DADOS!$B$7 -> OBRA: | C5: =DADOS!$C$7 -> PAVIMENTAÇÃO ASFÁLTICA E EM CONCRETO
B6: =DADOS!$B$8 -> LOCAL: | C6: =DADOS!$C$8 -> PRAÇA INTERATIVA, RIO BRILHANTE / MS
B8: ITEM | D8: SERVIÇO | E8: PESO (%) | F8: PREÇO TOTAL | G8: MÊS 01 | I8: MÊS 02 | K8: MÊS 03
G9: VALOR | H9: % | I9: VALOR | J9: % | K9: VALOR | L9: %
B11: CRONOGRAMA FÍSICO FINANCEIRO | C11: ='Tabela Resumo'!C10 -> 01 | D11: ='Tabela Resumo'!D10 -> SERVIÇOS PRELIMINARES | E11: ='Tabela Resumo'!F10 -> 0.03597683 | F11: ='Tabela Resumo'!E10 -> 17506.21 | G11: =H11*$F$11 -> 17506.21 | H11: 1 | I11: =J11*$F$11 -> 0 | K11: =L11*$F$11 -> 0 | N11: =H11+J11+L11+H24+J24+L24 -> 1
C12: ='Tabela Resumo'!C11 -> 02 | D12: ='Tabela Resumo'!D11 -> IMPLANTAÇÃO ASFÁLTICA | E12: ='Tabela Resumo'!F11 -> 0.19037785 | F12: ='Tabela Resumo'!E11 -> 92637.25 | G12: =H12*$F$12 -> 0 | I12: =J12*$F$12 -> 0 | K12: =L12*$F$12 -> 37054.9 | L12: 0.4 | N12: =H12+J12+L12+H25+J25+L25 -> 1
C13: ='Tabela Resumo'!C12 -> 03 | D13: ='Tabela Resumo'!D12 -> SERVIÇOS COMPLEMENTARES | E13: ='Tabela Resumo'!F12 -> 0.058355132 | F13: ='Tabela Resumo'!E12 -> 28395.42 | G13: =H13*$F$13 -> 0 | I13: =J13*$F$13 -> 0 | K13: =L13*$F$13 -> 0 | N13: =H13+J13+L13+H26+J26+L26 -> 1
C14: ='Tabela Resumo'!C13 -> 04 | D14: ='Tabela Resumo'!D13 -> PASSEIO COM ACESSIBILIDADE | E14: ='Tabela Resumo'!F13 -> 0.62324828 | F14: ='Tabela Resumo'!E13 -> 303270.61 | G14: =H14*$F$14 -> 0 | I14: =J14*$F$14 -> 0 | K14: =L14*$F$14 -> 0 | N14: =H14+J14+L14+H27+J27+L27 -> 1
C15: ='Tabela Resumo'!C14 -> 05 | D15: ='Tabela Resumo'!D14 -> SINALIZAÇÃO | E15: ='Tabela Resumo'!F14 -> 0.046220486 | F15: ='Tabela Resumo'!E14 -> 22490.74 | G15: =H15*$F$15 -> 0 | I15: =J15*$F$15 -> 0 | K15: =L15*$F$15 -> 0
C16: ='Tabela Resumo'!C15 -> 06 | D16: ='Tabela Resumo'!D15 -> ADMINISTRAÇÃO LOCAL | E16: ='Tabela Resumo'!F15 -> 0.045821428 | F16: ='Tabela Resumo'!E15 -> 22296.56 | G16: =H16*$F$16 -> 3716.0933 | H16: =1/6 -> 0.16666667 | I16: =J16*$F$16 -> 3716.0933 | J16: =1/6 -> 0.16666667 | K16: =L16*$F$16 -> 3716.0933 | L16: =1/6 -> 0.16666667 | N16: =H16+J16+L16+H29+J29+L29 -> 1
B18: TOTAL MENSAL | E18: =SUM(E10:E17) -> 1 | F18: =SUM(F10:F17) -> 486596.79 | G18: =SUM(G10:G17) -> 21222.303 | H18: =G18/$F$18 -> 0.043613735 | I18: =SUM(I10:I17) -> 3716.0933 | J18: =I18/$F$18 -> 0.0076369047 | K18: =SUM(K10:K17) -> 40770.993 | L18: =K18/$F$18 -> 0.083788044
B19: TOTAL MENSAL ACUMULADO | G19: =G18 -> 21222.303 | H19: =H18 -> 0.043613735 | I19: =I18+G19 -> 24938.397 | J19: =J18+H19 -> 0.05125064 | K19: =K18+I19 -> 65709.39 | L19: =L18+J19 -> 0.13503868
B21: ITEM | D21: SERVIÇO | E21: PESO (%) | F21: PREÇO TOTAL | G21: MÊS 04 | I21: MÊS 05 | K21: MÊS 06
G22: VALOR | H22: % | I22: VALOR | J22: % | K22: VALOR | L22: %
B24: CRONOGRAMA FÍSICO FINANCEIRO | C24: ='Tabela Resumo'!C10 -> 01 | D24: ='Tabela Resumo'!D10 -> SERVIÇOS PRELIMINARES | E24: ='Tabela Resumo'!F10 -> 0.03597683 | F24: ='Tabela Resumo'!E10 -> 17506.21 | G24: =H24*$F$24 -> 0 | I24: =J24*$F$24 -> 0 | K24: =L24*$F$24 -> 0 | N24: =N11 -> 1
C25: ='Tabela Resumo'!C11 -> 02 | D25: ='Tabela Resumo'!D11 -> IMPLANTAÇÃO ASFÁLTICA | E25: ='Tabela Resumo'!F11 -> 0.19037785 | F25: ='Tabela Resumo'!E11 -> 92637.25 | G25: =H25*$F$25 -> 55582.35 | H25: 0.6 | I25: =J25*$F$25 -> 0 | K25: =L25*$F$25 -> 0 | N25: =N12 -> 1
C26: ='Tabela Resumo'!C12 -> 03 | D26: ='Tabela Resumo'!D12 -> SERVIÇOS COMPLEMENTARES | E26: ='Tabela Resumo'!F12 -> 0.058355132 | F26: ='Tabela Resumo'!E12 -> 28395.42 | G26: =H26*$F$26 -> 17037.252 | H26: 0.6 | I26: =J26*$F$26 -> 11358.168 | J26: 0.4 | K26: =L26*$F$26 -> 0 | N26: =N13 -> 1
C27: ='Tabela Resumo'!C13 -> 04 | D27: ='Tabela Resumo'!D13 -> PASSEIO COM ACESSIBILIDADE | E27: ='Tabela Resumo'!F13 -> 0.62324828 | F27: ='Tabela Resumo'!E13 -> 303270.61 | G27: =H27*$F$27 -> 0 | I27: =J27*$F$27 -> 60654.122 | J27: 0.2 | K27: =L27*$F$27 -> 242616.49 | L27: 0.8 | N27: =N14 -> 1
C28: ='Tabela Resumo'!C14 -> 05 | D28: ='Tabela Resumo'!D14 -> SINALIZAÇÃO | E28: ='Tabela Resumo'!F14 -> 0.046220486 | F28: ='Tabela Resumo'!E14 -> 22490.74 | G28: =H28*$F$28 -> 0 | I28: =J28*$F$28 -> 22490.74 | J28: 1 | K28: =L28*$F$28 -> 0
C29: ='Tabela Resumo'!C15 -> 06 | D29: ='Tabela Resumo'!D15 -> ADMINISTRAÇÃO LOCAL | E29: ='Tabela Resumo'!F15 -> 0.045821428 | F29: ='Tabela Resumo'!E15 -> 22296.56 | G29: =H29*$F$29 -> 3716.0933 | H29: =1/6 -> 0.16666667 | I29: =J29*$F$29 -> 3716.0933 | J29: =1/6 -> 0.16666667 | K29: =L29*$F$29 -> 3716.0933 | L29: =1/6 -> 0.16666667 | N29: =N16 -> 1
B31: TOTAL MENSAL | E31: =SUM(E23:E30) -> 1 | F31: =SUM(F23:F30) -> 486596.79 | G31: =SUM(G23:G30) -> 76335.695 | H31: =G31/$F$31 -> 0.15687669 | I31: =SUM(I23:I30) -> 98219.123 | J31: =I31/$F$31 -> 0.2018491 | K31: =SUM(K23:K30) -> 246332.58 | L31: =K31/$F$31 -> 0.50623552
B32: TOTAL MENSAL ACUMULADO | G32: =G31+K19 -> 142045.09 | H32: =H31+L19 -> 0.29191538 | I32: =I31+G32 -> 240264.21 | J32: =J31+H32 -> 0.49376448 | K32: =K31+I32 -> 486596.79 | L32: =L31+J32 -> 1

Sheet Serv. Preliminares
B2: =DADOS!$B$3 -> CLIENTE: | C2: =DADOS!$C$3 -> PREFEITURA MUNICIPAL DE RIO BRILHANTE / MS
B3: =DADOS!$B$4 -> ENDEREÇO: | C3: =DADOS!$C$4 -> RUA ATHAYDE NOGUEIRA, Nº 1.033 - CENTRO
B5: =DADOS!$B$7 -> OBRA: | C5: =DADOS!$C$7 -> PAVIMENTAÇÃO ASFÁLTICA E EM CONCRETO
B6: =DADOS!$B$8 -> LOCAL: | C6: =DADOS!$C$8 -> PRAÇA INTERATIVA, RIO BRILHANTE / MS
B8: ITEM | G8: PAVIMENTAÇÃO ASFÁLTICA | I8: TOTAL
B10: MEMÓRIA DE CÁLCULO DE SERVIÇOS PRELIMINARES | C10: EXTENSÃO (m) | G10: ='Pav-Terrapl'!K10 -> 283.13 | I10: =SUM(F10:H10) -> 283.13
C11: PLACA DE OBRA (m²) | D11: QUANTIDADE (un) | E11: 1 | G11: =TRUNC((E11*E12*E13),2) -> 8 | I11: =SUM(F11:H13) -> 8
D12: COMPRIMENTO (m) | E12: 4
D13: LARGURA (m) | E13: 2
C14: LOCAÇÃO DE CONTAINER (un) | G14: =Orçamento!$P$97 -> 2 | I14: =SUM(F14:H14) -> 2
C15: LIMPEZA | D15: LIMPEZA MECANIZADA (m²) | G15: 4207.14 | I15: =SUM(F15:H15) -> 4207.14
D16: CARGA E DESCARGA (BOTA FORA) (m³) | G16: =TRUNC((G15*0.05),2) -> 210.35 | I16: =SUM(F16:H16) -> 210.35
D17: TRANSPORTE BOTA FORA (m³) | E17: ='Resumo DMT''s'!$E$13 -> 10 | G17: =TRUNC((G16*$E$17),2) -> 2103.5 | I17: =SUM(F17:H17) -> 2103.5
D18: ESPALHAMENTO (m³) | G18: =G16 -> 210.35 | I18: =SUM(F18:H18) -> 210.35

Sheet Cubação - TopoGRAPH
B2: =DADOS!$B$3 -> CLIENTE: | C2: =Orçamento!C2 -> PREFEITURA MUNICIPAL DE RIO BRILHANTE / MS
B3: =DADOS!$B$4 -> ENDEREÇO: | C3: =Orçamento!C3 -> RUA ATHAYDE NOGUEIRA, Nº 1.033 - CENTRO
B5: =DADOS!$B$7 -> OBRA: | C5: =Orçamento!C5 -> PAVIMENTAÇÃO ASFÁLTICA E EM CONCRETO
B6: =DADOS!$B$8 -> LOCAL: | C6: =Orçamento!C6 -> PRAÇA INTERATIVA, RIO BRILHANTE / MS
B8: NOME DA RUA | E8: VOLUMES
E9: CORTE (m³) | F9: ATERRO (m³) | G9: CORTE COMPENSADO (m³)
B11: PLANILHA DE CUBAÇÃO - TOPOGRAPH | C11: PATAMARIZAÇÃO DA QUADRA | E11: 307.03 | F11: 257.48 | G11: =TRUNC(((E11-(F11*1.3))),2) -> -27.69
C12: ='Pav-Terrapl'!H8 -> PISTA DE CAMINHADA | E12: ='Pav-Terrapl'!H20 -> 133.59 | F12: 0 | G12: =TRUNC(((E12-(F12*1.3))),2) -> 133.59
C13: ='Pav-Terrapl'!I8 -> ÁREA 01 | E13: ='Pav-Terrapl'!I20 -> 5.24 | F13: 0 | G13: =TRUNC(((E13-(F13*1.3))),2) -> 5.24
C15: TOTAL | E15: =SUM(E10:E14) -> 445.86 | F15: =SUM(F10:F14) -> 257.48 | G15: =SUM(G10:G14) -> 111.14

Sheet Pav-Terrapl
B2: =DADOS!$B$3 -> CLIENTE: | C2: =DADOS!$C$3 -> PREFEITURA MUNICIPAL DE RIO BRILHANTE / MS
B3: =DADOS!$B$4 -> ENDEREÇO: | C3: =DADOS!$C$4 -> RUA ATHAYDE NOGUEIRA, Nº 1.033 - CENTRO
B5: =DADOS!$B$7 -> OBRA: | C5: =DADOS!$C$7 -> PAVIMENTAÇÃO ASFÁLTICA E EM CONCRETO
B6: =DADOS!$B$8 -> LOCAL: | C6: =DADOS!$C$8 -> PRAÇA INTERATIVA, RIO BRILHANTE / MS
B8: NOME DA RUA | G8: PATAMARIZAÇÃO DA QUADRA | H8: PISTA DE CAMINHADA | I8: ÁREA 01 | K8: TOTAL
B10: MEMÓRIA DE CÁLCULO DE PAVIMENTAÇÃO ASFÁLTICA - TERRAPLENAGEM | C10: EXTENSÃO (m) | H10: 274.78 | I10: 8.35 | K10: =SUM(F10:J10) -> 283.13
C11: DECLIVIDADE TRANSVERSAL DA PISTA (SIMPLES OU DUPLA) | H11: DUPLA | I11: DUPLA
C12: LARGURA DA PISTA + ACOSTAMENTO (m) | H12: 2.5 | I12: 4
C13: MEIO FIO COM SARJETA (m) | H13: 0.42 | I13: 0.42
C14: MEIO FIO GUIA (m) | H14: 0.12 | I14: 0.12
C15: RAIOS | D15: QUANTIDADE DE RAIOS DE 5,00m (un) | H15: 0 | I15: 0 | K15: =SUM(F15:J15) -> 0
D16: ÁREA DO RAIO DE 5,00m (m²) | H16: 5.37 | I16: 5.37
D17: ÁREA RESTANTE (m²) | H17: -0.01 | I17: -3.44 | K17: =SUM(F17:J17) -> -3.45
D18: ÁREA TOTAL (m²) | H18: =TRUNC(((H15*H16)+H17),2) -> -0.01 | I18: =TRUNC(((I15*I16)+I17),2) -> -3.44 | K18: =SUM(F18:J18) -> -3.45
C20: CORTE COMPENSADO | D20: ESCAVAÇÃO MECÂNICA - PREPARO DO SUBLEITO (m³) | G20: ='Cubação - TopoGRAPH'!G11 -> -27.69 | H20: =TRUNC((((H10*(H12+2*(H13+0.2)))+H18)*0.13),2) -> 133.59 | I20: =TRUNC((((I10*(I12+2*(I13+0.2)))+I18)*0.13),2) -> 5.24 | K20: =SUM(F20:J20) -> 111.14
D21: CARGA E DESCARGA MECÂNICA DO SUBLEITO (m³) | G21: =TRUNC((G20*1.3),2) -> -35.99 | H21: =TRUNC((H20*1.3),2) -> 173.66 | I21: =TRUNC((I20*1.3),2) -> 6.81 | K21: =SUM(F21:J21) -> 144.48
D22: TRANSPORTE DO BOTA FORA (m³.km) | E22: ='Resumo DMT''s'!$E$13 -> 10 | G22: =TRUNC((G21*$E$22),2) -> -359.9 | H22: =TRUNC((H21*$E$22),2) -> 1736.6 | I22: =TRUNC((I21*$E$22),2) -> 68.1 | K22: =SUM(F22:J22) -> 1444.8
D23: ESPALHAMENTO DO BOTA FORA (m³) | G23: =G21 -> -35.99 | H23: =H21 -> 173.66 | I23: =I21 -> 6.81 | K23: =SUM(F23:J23) -> 144.48
D24: COMPACTAÇÃO (m³) | G24: ='Cubação - TopoGRAPH'!F11 -> 257.48 | H24: ='Cubação - TopoGRAPH'!F12 -> 0 | I24: ='Cubação - TopoGRAPH'!F13 -> 0 | K24: =SUM(F24:J24) -> 257.48
G26: ='Pav-Pavimento'!G30 -> 0 | H26: ='Pav-Pavimento'!H30 -> 686.94 | I26: ='Pav-Pavimento'!I30 -> 29.96

Sheet Pav-Pavimento
B2: =DADOS!$B$3 -> CLIENTE: | C2: =DADOS!$C$3 -> PREFEITURA MUNICIPAL DE RIO BRILHANTE / MS
B3: =DADOS!$B$4 -> ENDEREÇO: | C3: =DADOS!$C$4 -> RUA ATHAYDE NOGUEIRA, Nº 1.033 - CENTRO
B5: =DADOS!$B$7 -> OBRA: | C5: =DADOS!$C$7 -> PAVIMENTAÇÃO ASFÁLTICA E EM CONCRETO
B6: =DADOS!$B$8 -> LOCAL: | C6: =DADOS!$C$8 -> PRAÇA INTERATIVA, RIO BRILHANTE / MS
B8: NOME DA RUA | H8: ='Pav-Terrapl'!H8 -> PISTA DE CAMINHADA | I8: ='Pav-Terrapl'!I8 -> ÁREA 01 | K8: TOTAL
B10: MEMÓRIA DE CÁLCULO DE PAVIMENTAÇÃO ASFÁLTICA - PAVIMENTAÇÃO | C10: EXTENSÃO (m) | H10: ='Pav-Terrapl'!H10 -> 274.78 | I10: ='Pav-Terrapl'!I10 -> 8.35 | K10: =SUM(G10:J10) -> 283.13
C11: DECLIVIDADE TRANSVERSAL DA PISTA (SIMPLES OU DUPLA) | H11: ='Pav-Terrapl'!H11 -> DUPLA | I11: ='Pav-Terrapl'!I11 -> DUPLA
C12: LARGURA DA PISTA + ACOSTAMENTO (m) | H12: ='Pav-Terrapl'!H12 -> 2.5 | I12: ='Pav-Terrapl'!I12 -> 4
C13: MEIO FIO COM SARJETA (m) | H13: ='Pav-Terrapl'!H13 -> 0.42 | I13: ='Pav-Terrapl'!I13 -> 0.42
C14: MEIO FIO GUIA (m) | H14: ='Pav-Terrapl'!H14 -> 0.12 | I14: ='Pav-Terrapl'!I14 -> 0.12
C15: RAIOS | D15: QUANTIDADE DE RAIOS DE 5,00m (un) | H15: ='Pav-Terrapl'!H15 -> 0 | I15: ='Pav-Terrapl'!I15 -> 0 | K15: =SUM(G15:J15) -> 0
D16: ÁREA DO RAIO DE 5,00m (m²) | H16: ='Pav-Terrapl'!H16 -> 5.37 | I16: ='Pav-Terrapl'!I16 -> 5.37
D17: ÁREA RESTANTE (m²) | H17: ='Pav-Terrapl'!H17 -> -0.01 | I17: ='Pav-Terrapl'!I17 -> -3.44 | K17: =SUM(G17:J17) -> -3.45
D18: ÁREA TOTAL (m²) | H18: ='Pav-Terrapl'!H18 -> -0.01 | I18: ='Pav-Terrapl'!I18 -> -3.44 | K18: =SUM(G18:J18) -> -3.45
C20: REGULARIZAÇÃO | D20: LARGURA (m) | H20: =TRUNC((H12+2*(H13+0.1)),2) -> 3.54 | I20: =TRUNC((I12+2*(I13+0.1)),2) -> 5.04
D21: ÁREA DE REGULARIZAÇÃO (m²) | H21: =TRUNC(((H10*H20)+H18),2) -> 972.71 | I21: =TRUNC(((I10*I20)+I18),2) -> 38.64 | K21: =SUM(G21:J21) -> 1011.35
C23: BASE | D23: EXECUÇÃO E COMPACTAÇÃO | E23: LARGURA (m) | H23: =TRUNC((H12+2*(H13+0.05)),2) -> 3.44 | I23: =TRUNC((I12+2*(I13+0.05)),2) -> 4.94
E24: ESPESSURA (m) | H24: 0.1 | I24: 0.1
E25: BICA CORRIDA (m³) | H25: =TRUNC((((H10*H23)+H18)*H24),2) -> 94.52 | I25: =TRUNC((((I10*I23)+I18)*I24),2) -> 3.78 | K25: =SUM(G25:J25) -> 98.3
D26: AQUISIÇÃO DO MATERIAL | E26: BICA CORRIDA (m³) | H26: =TRUNC((H25*1.3),2) -> 122.87 | I26: =TRUNC((I25*1.3),2) -> 4.91 | K26: =SUM(G26:J26) -> 127.78
D27: TRANSPORTE | E27: BICA CORRIDA (m³.km) | F27: =IF('Resumo DMT''s'!$E$17>30,30,'Resumo DMT''s'!$E$17) -> 30 | H27: =TRUNC((H26*$F$27),2) -> 3686.1 | I27: =TRUNC((I26*$F$27),2) -> 147.3 | K27: =SUM(G27:J27) -> 3833.4
E28: BICA CORRIDA (m³.km) | F28: =IF('Resumo DMT''s'!$E$17>30,'Resumo DMT''s'!$E$17-30,0) -> 26.7 | H28: =TRUNC((H26*$F$28),2) -> 3280.62 | I28: =TRUNC((I26*$F$28),2) -> 131.09 | K28: =SUM(G28:J28) -> 3411.71
C30: IMPRIMAÇÃO | D30: ÁREA DA IMPRIMAÇÃO (m²) | H30: =TRUNC(((H10*H12)+H18),2) -> 686.94 | I30: =TRUNC(((I10*I12)+I18),2) -> 29.96 | K30: =SUM(G30:J30) -> 716.9
D31: CONSUMO CM-IMPRIMA (t/m²) | H31: =1.2/1000 -> 0.0012 | I31: =1.2/1000 -> 0.0012
D32: EMULSÃO CM-IMPRIMA (t) | H32: =TRUNC((H30*H31),2) -> 0.82 | I32: =TRUNC((I30*I31),2) -> 0.03 | K32: =SUM(G32:J32) -> 0.85
D33: TRANSPORTE CM-IMPRIMA (t.km) | F33: =IF('Resumo DMT''s'!$E$18>30,30,'Resumo DMT''s'!$E$18) -> 30 | H33: =TRUNC((H32*$F$33),2) -> 24.6 | I33: =TRUNC((I32*$F$33),2) -> 0.9 | K33: =SUM(G33:J33) -> 25.5
D34: TRANSPORTE CM-IMPRIMA (t.km) | F34: =IF('Resumo DMT''s'!$E$18>30,'Resumo DMT''s'!$E$18-30,0) -> 149 | H34: =TRUNC((H32*$F$34),2) -> 122.18 | I34: =TRUNC((I32*$F$34),2) -> 4.47 | K34: =SUM(G34:J34) -> 126.65
C36: CBUQ | D36: ESPESSURA (m) | H36: 0.03 | I36: 0.03
D37: EMULSÃO (t/m³) | H37: 2.5548 | I37: 2.5548
D38: AQUISIÇÃO (t) | H38: =TRUNC((H30*H36*H37),2) -> 52.64 | I38: =TRUNC((I30*I36*I37),2) -> 2.29 | K38: =SUM(G38:J38) -> 54.93
D39: APLICAÇÃO (t) | H39: =H38 -> 52.64 | I39: =I38 -> 2.29 | K39: =SUM(G39:J39) -> 54.93
D40: TRANSPORTE DE CBUQ (t.km) | F40: =IF('Resumo DMT''s'!$E$19>30,30,'Resumo DMT''s'!$E$19) -> 30 | H40: =TRUNC((H38*$F$40),2) -> 1579.2 | I40: =TRUNC((I38*$F$40),2) -> 68.7 | K40: =SUM(G40:J40) -> 1647.9
D41: TRANSPORTE DE CBUQ (t.km) | F41: =IF('Resumo DMT''s'!$E$19>30,'Resumo DMT''s'!$E$19-30,0) -> 26.7 | H41: =TRUNC((H38*$F$41),2) -> 1405.48 | I41: =TRUNC((I38*$F$41),2) -> 61.14 | K41: =SUM(G41:J41) -> 1466.62

Sheet Serv. Complementares
B2: =DADOS!$B$3 -> CLIENTE: | C2: =DADOS!$C$3 -> PREFEITURA MUNICIPAL DE RIO BRILHANTE / MS
B3: =DADOS!$B$4 -> ENDEREÇO: | C3: =DADOS!$C$4 -> RUA ATHAYDE NOGUEIRA, Nº 1.033 - CENTRO
B5: =DADOS!$B$7 -> OBRA: | C5: =DADOS!$C$7 -> PAVIMENTAÇÃO ASFÁLTICA E EM CONCRETO
B6: =DADOS!$B$8 -> LOCAL: | C6: =DADOS!$C$8 -> PRAÇA INTERATIVA, RIO BRILHANTE / MS
B8: NOME DA RUA | G8: CANTEIROS | I8: TOTAL
B10: MEMÓRIA DE CÁLCULO DE SERVIÇOS COMPLEMENTARES | C10: GRAMA (m²) | G10: =44.8+208.18+45.34+221.75+102.82+118.87+196.15+94.38+102.82+42.93+456.59+8.85+3.81+8.42 -> 1655.71 | I10: =SUM(F10:H10) -> 1655.71

Sheet Passeio com Acessibilidade
B2: =DADOS!$B$3 -> CLIENTE: | C2: =DADOS!$C$3 -> PREFEITURA MUNICIPAL DE RIO BRILHANTE / MS
B3: =DADOS!$B$4 -> ENDEREÇO: | C3: =DADOS!$C$4 -> RUA ATHAYDE NOGUEIRA, Nº 1.033 - CENTRO
B5: =DADOS!$B$7 -> OBRA: | C5: =DADOS!$C$7 -> PAVIMENTAÇÃO ASFÁLTICA E EM CONCRETO
B6: =DADOS!$B$8 -> LOCAL: | C6: =DADOS!$C$8 -> PRAÇA INTERATIVA, RIO BRILHANTE / MS
B8: NOME DA RUA | G8: CALÇADA PUBLICA | H8: CALÇADA PUBLICA | I8: CALÇADA INTERNA | K8: TOTAL
B10: MEMÓRIA DE CÁLCULO DE PASSEIO | C10: PREPARO MANUAL DO TERRENO (m²) | G10: =G15 -> 804.81 | H10: =H15 -> 304.76 | I10: =I15 -> 2642.02 | K10: =SUM(F10:J10) -> 3751.59
C12: CALÇADAS (m²) | D12: EXTENSÃO (m) | G12: 267.83 | H12: - | I12: - | K12: =SUM(F12:J12) -> 267.83
D13: LARGURA DAS CALÇADAS (m) | G13: 3 | H13: - | I13: -
D14: ÁREA RESTANTE (m²) | G14: 1.32 | H14: - | I14: -
D15: ÁREA DO REVESTIMENTO EM CONCRETO (m²) | G15: =TRUNC(((G12*G13)+G14),2) -> 804.81 | H15: 304.76 | I15: 2642.02 | K15: =SUM(F15:J15) -> 3751.59
D16: ESPESSURA (m) | G16: 0.07 | H16: 0.07 | I16: 0.07
D17: VOLUME DO REVESTIMENTO EM CONCRETO (m³) | G17: =TRUNC((G15*G16),2) -> 56.33 | H17: =TRUNC((H15*H16),2) -> 21.33 | I17: =TRUNC((I15*I16),2) -> 184.94 | K17: =SUM(F17:J17) -> 262.6
D18: CONSUMO DE CONCRETO 20MPa P/ CALÇADAS | G18: 1.213 | H18: 1.213 | I18: 1.213
D19: BRITA P/ CONCRETO 15MPa | G19: 0.5792 | H19: 0.5792 | I19: 0.5792
D20: CARGA DE BRITA P/ CALÇADAS (m³) | G20: =TRUNC(((G15*G16)*G18*G19),2) -> 39.58 | H20: =TRUNC(((H15*H16)*H18*H19),2) -> 14.98 | I20: =TRUNC(((I15*I16)*I18*I19),2) -> 129.93 | K20: =SUM(F20:J20) -> 184.49
D21: TRANSPORTE DO BRITA (m³.km) | E21: =IF('Resumo DMT''s'!$E$15>30,30,'Resumo DMT''s'!$E$15) -> 30 | G21: =TRUNC((G20*$E$21),2) -> 1187.4 | H21: =TRUNC((H20*$E$21),2) -> 449.4 | I21: =TRUNC((I20*$E$21),2) -> 3897.9 | K21: =SUM(F21:J21) -> 5534.7
D22: TRANSPORTE DO BRITA (m³.km) | E22: =IF('Resumo DMT''s'!$E$15>30,'Resumo DMT''s'!$E$15-30,0) -> 26.7 | G22: =TRUNC((G20*$E$22),2) -> 1056.78 | H22: =TRUNC((H20*$E$22),2) -> 399.96 | I22: =TRUNC((I20*$E$22),2) -> 3469.13 | K22: =SUM(F22:J22) -> 4925.87

Sheet Sinalização
B2: =DADOS!$B$3 -> CLIENTE: | C2: =DADOS!$C$3 -> PREFEITURA MUNICIPAL DE RIO BRILHANTE / MS
B3: =DADOS!$B$4 -> ENDEREÇO: | C3: =DADOS!$C$4 -> RUA ATHAYDE NOGUEIRA, Nº 1.033 - CENTRO
B5: =DADOS!$B$7 -> OBRA: | C5: =DADOS!$C$7 -> PAVIMENTAÇÃO ASFÁLTICA E EM CONCRETO
B6: =DADOS!$B$8 -> LOCAL: | C6: =DADOS!$C$8 -> PRAÇA INTERATIVA, RIO BRILHANTE / MS
B8: NOME DA RUA | G8: PISTA DE CAMINHADA | I8: TOTAL
B10: MEMÓRIA DE CÁLCULO DE SINALIZAÇÃO VIÁRIA | C10: MARCA | D10: PINTURA TAPETE | E10: EXTENSÃO (m) | G10: 274.78 | I10: =SUM(F10:H10) -> 274.78
E11: LARGURA (m) | G11: 2.5
E12: ÁREA TOTAL (m²) | G12: =TRUNC(G10*G11,2) -> 686.95 | I12: =SUM(F12:H12) -> 686.95

Sheet SV-04 - Comp. Pintura
B2: =DADOS!$B$3 -> CLIENTE: | C2: =DADOS!$C$3 -> PREFEITURA MUNICIPAL DE RIO BRILHANTE / MS | G2: BANCOS
B3: =DADOS!$B$4 -> ENDEREÇO: | C3: =DADOS!$C$4 -> RUA ATHAYDE NOGUEIRA, Nº 1.033 - CENTRO | G3: =DADOS!$C$12 -> COMPOSIÇÃO MS: 07/2025 INSUMO MS: 07/2025 AGESUL MS: 07/2025
B5: =DADOS!$B$7 -> OBRA: | C5: =DADOS!$C$7 -> PAVIMENTAÇÃO ASFÁLTICA E EM CONCRETO
B6: =DADOS!$B$8 -> LOCAL: | C6: =DADOS!$C$8 -> PRAÇA INTERATIVA, RIO BRILHANTE / MS
B8: COMPOSIÇÃO DE CUSTO UNITÁRIO
B10: CÓDIGO | C10: SERVIÇO | G10: UNIDADE | H10: PRODUÇÃO DE EQUIPE
B11: SV-04 | C11: Pintura de piso de ciclovia, tinta base acrílica emulsionada em água, espessura de 0,30mm | G11: m² | H11: 30.18
B13: SICRO / SINAPI | C13: EQUIPAMENTO | D13: CUSTO OPERACIONAL | F13: QUANT. | G13: UTILIZAÇÃO | I13: CUSTO HORÁRIO
D14: PROD. | E14: IMPROD. | G14: PROD. | H14: IMPROD.
B15: 73467 / 91395 | C15: Caminhão toco, PBT 14.300kg, carga útil max. 9.710kg, dist. entre eixos 3,56m, potência 185CV, inclusive carroceria fixa aberta de madeira para transporte geral de carga seca, dimen. aprox. 2,50m x 6,50m x 0,50m | D15: 243.79 | E15: 55.7 | F15: 1 | G15: 0.5 | H15: 0.5 | I15: =TRUNC((D15*F15*G15),2)+TRUNC((E15*F15*H15),2) -> 149.74 | K15: =ROUND(G15/$H$11,4) -> 0.0166 | L15: =ROUND(H15/$H$11,4) -> 0.0166
B16: 95133 | C16: Máquina demarcadora de faixa de tráfego a frio, autopropelida, potência 38HP | D16: 207.7 | E16: 0 | F16: 1 | G16: 1 | H16: 0 | I16: =TRUNC((D16*F16*G16),2)+TRUNC((E16*F16*H16),2) -> 207.7 | K16: =ROUND(G16/$H$11,4) -> 0.0331
B18: CUSTO HORÁRIO DO EQUIPAMENTO | I18: =SUM(I15:I17) -> 357.44
B20: SICRO / SINAPI | C20: MÃO DE OBRA | D20: UNIDADE | E20: SALÁRIO BASE | G20: QUANTIDADES | I20: CUSTO HORÁRIO
B22: 88310 | C22: Pintor com encargos complementares | D22: h | E22: 27.44 | G22: 1 | I22: =TRUNC((E22*G22),2) -> 27.44 | K22: =ROUND(G22/$H$11,4) -> 0.0331
B23: 88316 | C23: Servente com encargos complementares | D23: h | E23: 20.79 | G23: 4 | I23: =TRUNC((E23*G23),2) -> 83.16 | K23: =ROUND(G23/$H$11,4) -> 0.1325
B25: CUSTO HORÁRIO DA MÃO DE OBRA | I25: =SUM(I22:I24) -> 110.6
B27: CUSTO UNITÁRIO DO EQUIPAMENTO + MÃO DE OBRA | I27: =I18+I25 -> 468.04
B29: CUSTO UNITÁRIO DA EXECUÇÃO | I29: =ROUND((I27/H11),2) -> 15.51
B31: SICRO / SINAPI | C31: MATERIAIS | D31: UNIDADE | E31: CUSTO | G31: QUANTIDADES | I31: CUSTO UNITÁRIO
B33: 44478 - Insumo | C33: Microesfera de vidro para sinalização horizontal viária tipo I-B (premix) - NBR 16184 | D33: kg | E33: 13.36 | G33: 0.06 | I33: =TRUNC((E33*G33),2) -> 0.8
B34: 44477 - Insumo | C34: Microesfera de vidro para sinalização horizontal viária tipo II-A (drop-on) - NBR 16184 | D34: kg | E34: 13.36 | G34: 0.35 | I34: =TRUNC((E34*G34),2) -> 4.67
B35: 38121 - Insumo | C35: Tinta a base de resina acrílica emulsionada em água, para sinalização horizontal viária (NBR 13699:2012) | D35: L | E35: 19.64 | G35: 0.3 | I35: =TRUNC((E35*G35),2) -> 5.89
B37: CUSTO UNITÁRIO DE MATERIAIS | I37: =SUM(I33:I36) -> 11.36
B39: SICRO / SINAPI | C39: TRANSPORTE | D39: DMT | E39: CUSTO | G39: QUANTIDADES | I39: CUSTO UNITÁRIO
B43: CUSTO UNITÁRIO DE TRANSPORTE | I43: =SUM(I41:I42) -> 0
B45: CUSTO DIRETO TOTAL | I45: =I29+I37+I43-0.03 -> 26.84
